AoeStats
← 文風

MegaRandom

506335117Analyzed
1v1 RM · 19d ago on Sep 13, 2026· 20m 12s· 2 players
Game mode
Random Map
Map size
Tiny (2 player)
Population
200
Speed
Normal
Resources
Standard
Victory
Conquest
Starting age
Dark Age
Ending age
Imperial Age
RankedLock teamsTeams togetherTeam positionsShared explorationLock speedFull tech treeHidden civsTurbo modeCheats
Victory
Defeat
🇭🇰 Spanish · Hong Kong SAR China
1400
+19
🇨🇳 Burgundians · China
1456
-19
文風
9:07 Feudal Age
7:52 Loom
11:22 Wheelbarrow
11:51 Bloodlines
13:11 Horse Collar
17:05 Double-Bit Axe
19:30 Castle Age
19:36 Castle Age
18:29 Scale Barding Armor
18:35 Forging
18:50 Gold Mining
20:13 Husbandry
20:36 Chain Barding Armor
20:48 Bow Saw
ohh
0:30 Loom
10:16 Feudal Age
8:42 Gold Mining
8:50 Double-Bit Axe
8:49 Horse Collar
11:49 Bow Saw
13:10 Wheelbarrow
14:47 Hand Cart
17:28 Heavy Plow
20:10 Gold Shaft Mining
19:26 Stone Mining
Connection lost

Rejoining the realm…

Still unreachable

The connection could not be restored.

Session expired

The server has moved on; the page needs a fresh start.